 Dungeon Crawl Stone Soup version 0.26.1-15-g04117e645d (webtiles) character file.

Game seed: 478331571625104540

588436 fleeber the Conqueror (level 26, 0/397 (399) HPs)
             Began as a Minotaur Berserker on Oct 23, 2022.
             Was a High Priest of Trog.
             Splashed by an acid blob's acid (2 damage)
             ... created by the Royal Jelly
             ... on level 5 of the Pits of Slime on Oct 30, 2022.
             The game lasted 09:02:34 (78785 turns).

fleeber the Conqueror (Minotaur Berserker)         Turns: 78785, Time: 09:02:35

HP:   0/397 (399)   AC:  6    Str: 31      XL:     26   Next: 14%
MP:   22/22         EV: 23    Int:  7      God:    Trog [*****.]
Gold: 2719          SH: 22    Dex: 18 (19) Spells: 25/25 levels left

rFire    + + +     SeeInvis .   G - +9 broad axe (drain)
rCold    + + .     Faith    .   I - +1 kite shield {rF+}
rNeg     + + .     Spirit   .   y - +8 gold dragon scales
rPois    +         Reflect  .   (helmet restricted)
rElec    +         Harm     .   A - +0 cloak {rCorr}
rCorr    +         Rampage  .   T - +1 pair of gloves {archery}
Will     +++++     Clarity  +   N - +0 pair of boots Stlth ..........Rnd*Tele +
                                S - amulet of the Four Winds {rN+ Will+++ Clar}
HPRegen  1.76/turn              q - ring of the Orange Skies {rElec EV+4 Str+4 Dex+4}
MPRegen  0.18/turn              X - ring of Suunoutt {rF+ rN+ Int+3 Slay+2 Stlth-}

@: mighty, berserking, resistant, corroded, regenerating, hasted, lightly
drained, very quick
A: retaliatory headbutt, horns 2, large bone plates 2, agile 1, blurry vision 1,
deformed body, deterioration 1, teleportitis 1, weak 2, no potion heal 1
}: 3/15 runes: barnacled, silver, gossamer
a: Renounce Religion, Berserk, Trog's Hand, Brothers in Arms


You were on level 5 of the Pits of Slime.
You worshipped Trog.
Trog was extremely pleased with you.
You visited 10 branches of the dungeon, and saw 51 of its levels.
You visited 1 bazaar.

You collected 8264 gold pieces.
You spent 5545 gold pieces at shops.

Inventory:

Hand Weapons
 G - a +9 broad axe of draining (weapon)
Missiles
 b - 1762 stones (quivered)
Armour
 y - +8 gold dragon scales (worn)
 A - a +0 cloak of preservation (worn)
 I - a +1 kite shield of fire resistance (worn)
 N - a +0 pair of boots (worn)
 T - a +1 pair of gloves of archery (worn)
Jewellery
 q - the ring of the Orange Skies (left hand) {rElec EV+4 Str+4 Dex+4}
   (You bought it in a shop on level 4 of the Vaults)

   [ring of evasion]

   It affects your evasion (+4).
   It affects your strength (+4).
   It affects your dexterity (+4).
   It insulates you from electricity.
 S - the amulet of the Four Winds (around neck) {rN+ Will+++ Clar}
   (You found it on level 5 of the Vaults)

   [amulet of nothing]

   It protects you from negative energy.
   It affects your willpower, your defense against some magical effects.
   It protects you against confusion.
 W - the ring "Liocvan" {Dex+5 SInv}
   (You bought it in a shop on level 2 of the Orcish Mines)

   [ring of see invisible]

   It affects your dexterity (+5).
   It lets you see invisible.
 X - the ring of Suunoutt (right hand) {rF+ rN+ Int+3 Slay+2 Stlth-}
   (You found it on level 14 of the Dungeon)

   [ring of attention]

   It affects your intelligence (+3).
   It affects your accuracy and damage with ranged weapons and melee attacks
   (+2).
   It protects you from fire.
   It protects you from negative energy.
   It makes you less stealthy.
Wands
 g - a wand of acid (24)
 o - a wand of flame (100)
 v - a wand of enslavement (22)
 w - a wand of paralysis (44)
 C - a wand of disintegration (59)
 J - a wand of digging (15)
 M - a wand of polymorph (80)
 U - a wand of iceblast (27)
Scrolls
 c - 17 scrolls of remove curse
 d - 2 scrolls of summoning
 e - 34 scrolls of teleportation
 f - 34 scrolls of identify
 h - 10 scrolls of amnesia
 j - 7 scrolls of fear
 k - 3 scrolls of immolation
 l - 6 scrolls of fog
 p - 4 scrolls of magic mapping
 r - 9 scrolls of noise
 x - 2 scrolls of holy word
 B - 8 scrolls of enchant weapon
 H - 4 scrolls of torment
 L - 8 scrolls of vulnerability
 O - 2 scrolls of silence
 P - 7 scrolls of blinking
Potions
 i - 2 potions of cancellation
 m - 8 potions of lignification
 n - 7 potions of might
 s - 2 potions of invisibility
 t - 20 potions of curing
 z - 6 potions of attraction
 D - 6 potions of brilliance
 E - 10 potions of heal wounds
 F - 8 potions of resistance
 V - 2 potions of haste
 Y - 2 potions of ambrosia
 Z - 2 potions of flight


   Skills:
 O Level 27 Fighting
 + Level 21.9 Axes
 + Level 24.2 Armour
 * Level 17.8 Dodging
 - Level 15.0 Shields
 * Level 18.4 Evocations


You had 25 spell levels left.
You didn't know any spells.
Your spell library was empty.

Dungeon Overview and Level Annotations

Branches:
Dungeon (15/15)            Temple (0/1) D:4            Lair (6/6) D:8
 Shoals (4/4) Lair:3       Spider (4/4) Lair:3        Slime (5/5) Lair:6
    Orc (2/2) D:12            Elf (2/3) Orc:2        Vaults (5/5) D:13
  Crypt (3/3) Vaults:3       Tomb (0/3) Crypt:3      Depths (5/5) D:15
    Zot (0/5) Depths:5

Altars:
Ashenzari
Cheibriados
Dithmenos
Elyvilon
Kikubaaqudgha
Makhleb
Nemelex Xobeh
Qazlal
Ru
Uskayaw
Wu Jian
Yredelemnul
Beogh
Jiyva
Lugonu

Shops:
D:7 !   D:9 [:[[   Orc:1 [   Orc:2 =!:[(   Elf:1 ?(?   Elf:2 (   Shoals:3 (
Vaults:3 *   Vaults:4 =   Depths:5 =}=

Portals:
Hell: Depths:1 Depths:2 Depths:3 Depths:4 Depths:5
Abyss: Depths:1 Depths:2 Depths:3 Depths:4 Depths:5
Pandemonium: Depths:2 Depths:3
Ziggurat: Depths:5
Trove: D:10 (give +6 fire dragon scales)

Annotations:
D:11 2 transporters, Saba's ghost, journeyman GrHu
Slime:5 Royal Jelly


Innate Abilities, Weirdness & Mutations

You reflexively headbutt those who attack you in melee.
You have a pair of horns on your head.
You are mostly covered in large bone plates. (SH +6)
You are agile. (Dex +2)
Scrolls take you a little longer to read.
Armour fits poorly on your strangely shaped body.
Your body sometimes deteriorates upon taking damage.
You are occasionally teleported next to monsters.
You are very weak. (Str -4)
Potions are less effective at restoring your health.


Message History

* * * LOW HITPOINT WARNING * * *
You headbutt the acid blob.
The acid blob is severely wounded.
You hit the acid blob but do no damage.
Your hands burn!
* * * LOW HITPOINT WARNING * * *
You slice the acid blob!! You drain the acid blob!
You kill the acid blob!
That felt strangely unrewarding.
You slash the acid blob! You drain the acid blob.
Your hands burn!
* * * LOW HITPOINT WARNING * * *
You hit the azure jelly but do no damage.
You drain the azure jelly. You slash the death ooze!
You slash the large slime creature! You drain the large slime creature.
You slice the very large slime creature like a ripe choko!!!
You drain the very large slime creature.
You block the azure jelly's attack. x3; The azure jelly barely misses you.
Okay, then.
The slime creature quivers.
You slash the acid blob! You drain the acid blob.
Your hands burn!
You die...

##......................
#.......................
###......................
#......................##
###..............
###................
#.#.......JJJJ.....
#.........JJJ......
###.....^JJ@JJ.....
#.......JJJ......
#.........JJG.....
#..........J......
##........JJ.J.....
#.........J.JJJ.....
##........J...J.....
##......J..JJ......
#..................


You could see the Royal Jelly, 3 acid blobs, 5 azure jellies, a very large slime
creature (drained), 3 large slime creatures, 12 slime creatures, a shining eye
and 4 death oozes.

Vanquished Creatures
  A juggernaut (Depths:4)
  An ancient lich (Vaults:5)
  Sojobo (Vaults:2)
  A royal mummy (Crypt:3)
  Saint Roka (Crypt:1)
  4 caustic shrikes (Depths:4)
  A profane servitor (Crypt:3)
  2 golden dragons
  A bone dragon (Depths:5)
  The ghost of Muusm the Peltast, an adept HaWn of Okawaru (Shoals:3)
  A tentacled monstrosity (Vaults:4)
  8 liches
  Rupert (D:12)
  3 titans
  24 acid blobs
  4 sphinxes
  10 ancient champions
  10 revenants
  6 tengu reavers
  7 storm dragons
  2 shadow dragons
  8 azure jellies
  Roxanne (Elf:2)
  A fenstrider witch (shapeshifter) (Depths:4)
  2 deep elf sorcerers
  10 frost giants
  9 fire giants
  11 vault wardens
  A ghost moth (shapeshifter) (Depths:2)
  3 emperor scorpions
  2 ghost moths (Spider:4)
  The ghost of Rogirigh the Warrior, a journeyman MiBe of Trog (Depths:4)
  A balrug (Depths:3)
  A curse skull (Crypt:1)
  4 draconian stormcallers (Depths:5)
  An iron dragon (Vaults:5)
  2 spriggan defenders (Depths:4)
  A deep elf elementalist (Vaults:5)
  10 ironheart preservers
  2 ghouls (Crypt:3)
  30 very ugly things
  3 war gargoyles (Vaults:5)
  A draconian annihilator (Depths:5)
  29 stone giants
  12 vampire knights
  A dire elephant (Lair:4)
  A green draconian (Depths:5)
  An entropy weaver (Vaults:1)
  A yellow draconian (Depths:5)
  2 spark wasps
  A black draconian (Depths:5)
  A red draconian (Depths:5)
  A green death (Depths:4)
  6 eidola
  5 ettins
  10 jiangshi
  3 merfolk javelineers (Shoals:4)
  13 merfolk impalers
  5 death oozes
  Josephine (D:10)
  3 deep elf death magi
  A mummy priest (Crypt:3)
  18 yaktaur captains
  11 fire dragons
  7 great orbs of eyes
  4 rakshasas
  11 ice dragons
  A fenstrider witch zombie (Crypt:1)
  4 deep elf high priests
  7 hydras
  Erolcha (D:13)
  A hell beast (Depths:4)
  3 spriggan air magi
  Fannar (Lair:3)
  25 vault guards
  12 boulder beetles
  3 catoblepae (Lair:6)
  4 death knights
  An alligator (shapeshifter) (Vaults:5)
  A merfolk aquamancer (Shoals:1)
  2 merfolk avatars (Shoals:2)
  An alligator snapping turtle (Shoals:4)
  22 centaur warriors
  17 ogre magi
  13 death yaks (Lair:6)
  30 dancing weapons
  55 two-headed ogres
  10 deep troll earth magi
  10 tengu warriors
  7 orc high priests
  3 titan zombies
  4 deep troll shamans
  8 vampire magi
  Urug (D:13)
  6 hell knights
  A spriggan (Depths:5)
  2 soul eaters (Crypt:1)
  17 deep elf knights
  A titan skeleton (Vaults:3)
  3 shadow wraiths
  2 storm dragon zombies
  A storm dragon skeleton (Vaults:3)
  An iron giant zombie (Crypt:3)
  48 skeletal warriors
  A ghost moth zombie (Crypt:3)
  15 sea snakes
  5 unseen horrors
  5 glowing orange brains
  6 flayed ghosts
  An orange crystal statue (Depths:4)
  6 deep elf archers
  32 deep trolls
  A spectral merfolk (Shoals:3)
  A torturous demonspawn (Depths:3)
  A golden dragon skeleton (Crypt:3)
  2 shadow dragon zombies (Crypt:3)
  An obsidian statue (Depths:5)
  4 wizards
  18 ironbrand convokers
  10 harpies
  6 necromancers
  11 phantasmal warriors
  A mana viper (shapeshifter) (Vaults:5)
  A sphinx zombie (Crypt:3)
  36 wolf spiders
  14 orc knights
  An iron dragon zombie (Crypt:3)
  13 orb spiders
  50 deep elf magi
  A tengu skeleton (Vaults:3)
  3 orc sorcerers
  8 shining eyes
  57 ugly things
  A frost giant zombie (D:15)
  6 fauns
  A shadow dragon skeleton (Crypt:2)
  2 salamanders (shapeshifter)
  A moth of wrath (Spider:3)
  10 cyclopes
  10 merfolk sirens
  8 human skeletons
  9 elephants
  An elephant (shapeshifter) (Vaults:5)
  7 vault sentinels
  6 black mambas
  5 eyes of devastation
  10 manticores
  3 fire giant skeletons
  9 water nymphs
  A frost giant skeleton (Vaults:4)
  2 stone giant skeletons
  3 gargoyles
  22 cane toads
  A grey draconian zombie (Crypt:2)
  2 orange demons (Depths:3)
  A white draconian zombie (Crypt:1)
  An efreet (D:14)
  Maggie (D:8)
  5 spectral swamp worms (Depths:1)
  12 rime drakes
  7 demonic crawlers
  73 yaktaurs
  5 kobold demonologists
  3 freezing wraiths
  A pale draconian zombie (Crypt:3)
  An ice devil (Depths:4)
  4 tengu conjurers
  An anaconda simulacrum (Crypt:3)
  4 guardian mummies
  6 komodo dragons
  2 harpy zombies
  34 jumping spiders
  A meliai (shapeshifter) (Vaults:4)
  37 merfolk
  10 trolls
  A queen bee (shapeshifter) (Depths:5)
  A spectral harpy (Shoals:2)
  16 hornets
  4 polar bears
  A hydra skeleton (Crypt:3)
  8 wind drakes
  2 wind drakes (shapeshifter)
  Grinder (D:4)
  9 dream sheep
  20 blink frogs
  A spectral manticore (Shoals:3)
  2 ice dragon zombies
  2 raiju (shapeshifter)
  121 slime creatures
  A meliai zombie (D:12)
  An ettin skeleton (D:15)
  4 large abominations (Depths:4)
  10 snapping turtles
  A blink frog (shapeshifter) (Depths:3)
  A frost giant simulacrum (Vaults:3)
  2 fire dragon skeletons
  A stone giant simulacrum (Crypt:3)
  2 air elementals (Elf:1)
  A shadow (D:15)
  2 ice dragon skeletons
  Sigmund (D:4)
  6 flying skulls (Crypt:1)
  16 tarantellas
  41 redbacks
  A tarantella (shapeshifter) (Depths:3)
  3 vampires
  A ynoxinul (Depths:3)
  14 water elementals
  6 wyverns
  10 wraiths
  A satyr skeleton (Crypt:1)
  A redback (shapeshifter) (D:12)
  51 yaks
  16 humans
  A basilisk (shapeshifter) (Depths:4)
  2 fire elementals
  An alligator snapping turtle simulacrum (Shoals:3)
  2 golden eyes (Slime:1)
  An elf skeleton (D:15)
  A golden eye (shapeshifter) (Vaults:3)
  Menkaure (D:5)
  A vampire mosquito (D:12)
  9 basilisks
  2 chaos spawn (Depths:4)
  A steam dragon (D:12)
  2 sea snake simulacra (Shoals:3)
  2 wargs (Vaults:4)
  2 soldier ants (shapeshifter)
  10 water moccasins
  8 small abominations (Depths:4)
  2 soldier ants
  4 acid dragons
  A merfolk zombie (Crypt:1)
  Duvessa (D:6)
  A lindwurm zombie (Crypt:3)
  41 orc warriors
  A black bear (shapeshifter) (Depths:4)
  A cane toad skeleton (Crypt:3)
  2 necrophages
  2 merfolk simulacra (Shoals:3)
  6 sky beasts
  3 phantoms
  6 black bears
  21 ice beasts
  20 ogres
  5 eyes of draining
  A human zombie (Vaults:4)
  28 centaurs
  A hog zombie (Crypt:1)
  3 boggarts (Depths:1)
  5 wolves
  A dream sheep skeleton (Crypt:3)
  A salamander zombie (Crypt:2)
  6 big kobolds
  Blork the orc (D:5)
  19 bullfrogs
  A wyvern zombie (D:13)
  An earth elemental (Elf:1)
  Dowan (D:6)
  2 human simulacra
  2 water moccasin zombies
  3 wyvern skeletons
  2 yak zombies
  7 scorpions
  11 killer bees
  A snapping turtle simulacrum (Shoals:3)
  A manticore simulacrum (Shoals:3)
  2 electric eels (D:9)
  12 wights
  12 howler monkeys
  A raiju skeleton (Crypt:2)
  4 bullfrog zombies
  3 crimson imps (Depths:3)
  4 centaur zombies
  13 hounds
  6 centaur skeletons
  A wyvern simulacrum (D:9)
  3 jellies
  10 orc wizards
  2 quasits
  5 bullfrog skeletons
  21 orc priests
  A gnoll shaman (Orc:2)
  4 iron imps (Depths:3)
  6 hell rats
  5 iguanas
  11 worker ants
  A naga zombie (Crypt:3)
  3 mummies (Crypt:3)
  16 adders
  11 gnolls
  2 howler monkey skeletons
  A river rat (D:6)
  A shadow imp (D:10)
  8 white imps
  3 ufetubi
  An adder skeleton (D:4)
  4 adder zombies
  A worm (D:6)
  A dart slug (D:1)
  4 leopard geckos
  79 orcs
  7 ball pythons
  10 giant cockroaches
  16 goblins
  5 hobgoblins
  8 jackals
  29 kobolds
  4 quokkas
  A ball python skeleton (Crypt:1)
  3 bats
  7 frilled lizards
  A giant cockroach zombie (Crypt:3)
  A leopard gecko skeleton (Crypt:2)
  An orc zombie (Crypt:3)
  10 rats
  5 plants
2326 creatures vanquished.

Vanquished Creatures (collateral kills)
  2 caustic shrikes (Depths:4)
  A Hell Sentinel (Depths:4)
  A titan (Vaults:5)
  A tengu reaver (Vaults:5)
  2 revenants
  A fire giant (Vaults:5)
  Louise (D:14)
  An emperor scorpion (Spider:4)
  A ghost moth (Spider:4)
  A deep elf demonologist (Elf:1)
  An ettin (Depths:4)
  A boulder beetle (shapeshifter) (Vaults:5)
  2 spriggan air magi (Depths:3)
  A hydra (Lair:4)
  A satyr (Shoals:4)
  3 merfolk aquamancers (Shoals:4)
  A dancing weapon (Vaults:5)
  2 deep elf knights (D:14)
  A sun demon (Depths:4)
  An unseen horror (D:11)
  A harpy (Shoals:3)
  3 orb spiders
  4 wolf spiders
  An ugly thing (Depths:1)
  A faun (Shoals:4)
  A manticore (Shoals:4)
  A moth of wrath (Spider:1)
  A torpor snail (Spider:1)
  A cane toad (Lair:4)
  An orange demon (Depths:4)
  A smoke demon (Depths:4)
  A demonic crawler (Spider:1)
  2 merfolk (Shoals:3)
  2 wind drakes
  2 jumping spiders
  A hornet (Spider:4)
  5 redbacks
  A tarantella (Spider:4)
  2 yaks (D:11)
  2 water elementals (Shoals:4)
  A ynoxinul (Depths:4)
  A neqoxec (Depths:4)
  7 orc warriors (Orc:2)
  A black bear (Lair:4)
  A wyvern zombie (D:11)
  2 wights (D:11)
  6 orc priests (Orc:2)
  2 orcs (Orc:2)
81 creatures vanquished.

Vanquished Creatures (others)
  A deep troll (Depths:3)
  A wolf spider (Spider:4)
  50 fungi
  187 plants
  5 withered plants (D:15)
244 creatures vanquished.

Grand Total: 2651 creatures vanquished

Notes
Turn   | Place    | Note
-------+----------+-------------------------------------------
     0 | D:1      | fleeber the Minotaur Berserker began the quest for the Orb.
     0 | D:1      | Reached XP level 1. HP: 19/19 MP: 0/0
   516 | D:1      | Reached XP level 2. HP: 26/26 MP: 1/1
  1215 | D:1      | Reached XP level 3. HP: 33/33 MP: 2/2
  1264 | D:2      | Found a snail-covered altar of Cheibriados.
  1264 | D:2      | Noticed a torpor snail
  1264 | D:2      | Noticed a torpor snail
  1264 | D:2      | Noticed a torpor snail
  1274 | D:2      | Reached ** piety under Trog
  1486 | D:2      | Found a broken altar of Ashenzari.
  1492 | D:2      | Reached skill level 4 in Fighting
  1828 | D:3      | Found a white marble altar of Elyvilon.
  1943 | D:3      | Found an ornate altar of the Wu Jian Council.
  1999 | D:3      | Reached XP level 4. HP: 23/40 MP: 3/3
  2491 | D:3      | Reached skill level 1 in Shields
  2875 | D:4      | Noticed Grinder
  2881 | D:4      | Paralysed by Grinder for 5 turns
  2918 | D:4      | Killed Grinder
  2919 | D:4      | Reached skill level 5 in Axes
  2919 | D:4      | Reached XP level 5. HP: 33/47 MP: 4/4
  2919 | D:4      | Reached XP level 6. HP: 39/55 MP: 5/5
  3307 | D:4      | Found a staircase to the Ecumenical Temple.
  3507 | D:4      | Noticed Sigmund
  3518 | D:4      | Killed Sigmund
  3519 | D:4      | Reached skill level 5 in Fighting
  3519 | D:4      | Reached skill level 1 in Evocations
  3519 | D:4      | Reached XP level 7. HP: 61/61 MP: 6/6
  3748 | D:4      | Found an ancient bone altar of Kikubaaqudgha.
  3749 | D:4      | Found a stormy altar of Qazlal.
  4028 | D:5      | Entered Level 5 of the Dungeon
  4080 | D:5      | Noticed Menkaure
  4097 | D:5      | Killed Menkaure
  4098 | D:5      | Reached skill level 5 in Armour
  4311 | D:5      | You fall into a shaft and drop 1 floor!
  4396 | D:6      | Noticed a wyvern
  4406 | D:6      | Killed a wyvern
  4514 | D:5      | Found a large runed translucent door.
  4514 | D:5      | Found a large runed translucent door.
  4548 | D:5      | Reached XP level 8. HP: 68/69 MP: 7/7
  4646 | D:5      | Noticed Blork the orc
  4656 | D:5      | Killed Blork the orc
  4671 | D:5      | Found a large runed translucent door.
  4671 | D:5      | Found a large runed translucent door.
  4777 | D:5      | Got a fine brass ring
  4877 | D:5      | Noticed Duvessa
  4878 | D:5      | Noticed Dowan
  4897 | D:6      | Killed Duvessa
  4908 | D:6      | Killed Dowan
  4971 | D:5      | Reached *** piety under Trog
  5539 | D:6      | Reached skill level 5 in Shields
  5754 | D:6      | Reached XP level 9. HP: 55/75 MP: 8/8
  5891 | D:6      | Reached skill level 6 in Fighting
  7016 | D:7      | Reached skill level 10 in Axes
  7023 | D:7      | Reached skill level 7 in Fighting
  7028 | D:7      | Reached **** piety under Trog
  7233 | D:7      | Identified the ring "Jurekuur" {rElec rPois rN+ Int+5
                  | Slay+3} (You found it on level 5 of the Dungeon)
  7474 | D:7      | Found a sparkling altar of Nemelex Xobeh.
  7567 | D:7      | Reached XP level 10. HP: 73/86 MP: 9/9
  7768 | D:7      | Found Nejum's Distillery.
  7783 | D:7      | Bought a potion of heal wounds for 60 gold pieces
  7783 | D:7      | Bought a potion of resistance for 120 gold pieces
  7827 | D:7      | Found a burning altar of Makhleb.
  7827 | D:7      | Found a hide-covered altar of Uskayaw.
  8372 | D:8      | Identified the +2 dagger of Courage {vamp, rElec Str+2}
  8382 | D:8      | Reached skill level 8 in Fighting
  8740 | D:8      | Reached skill level 5 in Evocations
  9072 | D:8      | Noticed Maggie
  9084 | D:8      | Killed Maggie
  9397 | D:8      | Noticed a two-headed ogre
  9404 | D:8      | Killed a two-headed ogre
  9877 | D:8      | Reached ***** piety under Trog
 10148 | D:8      | Found a staircase to the Lair.
 10428 | D:9      | Noticed a two-headed ogre
 10433 | D:9      | Killed a two-headed ogre
 10434 | D:9      | Reached XP level 11. HP: 74/95 MP: 10/10
 10529 | D:9      | Noticed a two-headed ogre
 10535 | D:9      | Killed a two-headed ogre
 10724 | D:9      | Found Gev Kile's Armour Emporium.
 11095 | D:9      | Noticed a green ugly thing
 11107 | D:9      | Killed a green ugly thing
 11108 | D:9      | Reached skill level 9 in Fighting
 11264 | D:9      | Found Guwef's Antique Armour Emporium.
 11318 | D:9      | Bought a runed kite shield for 187 gold pieces
 11382 | D:9      | Found Yxyifeom's Armour Boutique.
 11496 | D:9      | Found a sacrificial altar of Ru.
 11605 | D:9      | Found Noer Xaw's Book Shoppe.
 11921 | D:10     | Entered Level 10 of the Dungeon
 11925 | D:10     | Noticed a two-headed ogre
 11936 | D:10     | Killed a two-headed ogre
 12228 | D:10     | Found a portal to a secret trove of treasure.
 12405 | D:10     | Received a gift from Trog
 12572 | D:11     | Noticed Josephine
 12598 | D:10     | Killed Josephine
 12680 | D:11     | Noticed Saba's ghost (journeyman GrHu)
 12696 | D:11     | Killed an unseen horror
 12981 | D:11     | Found a transporter.
 12996 | D:11     | Found a transporter.
 13193 | D:11     | Noticed a boulder beetle
 13219 | D:11     | Killed a boulder beetle
 13220 | D:11     | Reached XP level 12. HP: 68/106 MP: 11/11
 13351 | D:11     | Reached skill level 10 in Shields
 13360 | D:11     | Reached skill level 10 in Armour
 13806 | D:11     | Noticed a boulder beetle
 13824 | D:11     | Killed a boulder beetle
 14272 | Lair:1   | Entered Level 1 of the Lair of Beasts
 14438 | Lair:1   | Reached skill level 10 in Fighting
 14976 | Lair:1   | Found a shadowy altar of Dithmenos.
 15581 | Lair:2   | Reached skill level 15 in Axes
 15877 | Lair:2   | Received a gift from Trog
 15978 | Lair:2   | Reached XP level 13. HP: 114/114 MP: 12/12
 16351 | Lair:3   | Noticed Fannar
 16377 | Lair:3   | Killed Fannar
 16549 | Lair:3   | Found a staircase to the Shoals.
 16759 | Lair:3   | Found a hole to the Spider Nest.
 17576 | Lair:4   | Noticed a dire elephant
 17596 | Lair:4   | Killed a dire elephant
 17597 | Lair:4   | Reached skill level 11 in Fighting
 19379 | D:9      | Bought the +5 plate armour "Dilaoq" {Rampage rF- rC+
                  | Slay+5} for 760 gold pieces
 19954 | Lair:5   | Reached XP level 14. HP: 91/124 MP: 13/13
 20183 | Lair:5   | Received a gift from Trog
 20925 | Lair:6   | Entered Level 6 of the Lair of Beasts
 21744 | Lair:6   | Reached skill level 12 in Fighting
 22295 | Lair:6   | Found a staircase to the Slime Pits.
 22296 | Lair:6   | Found a viscous altar of Jiyva.
 22524 | Lair:6   | Reached skill level 10 in Evocations
 23755 | D:12     | Found a staircase to the Orcish Mines.
 24459 | Orc:1    | Entered Level 1 of the Orcish Mines
 24559 | Orc:1    | Reached XP level 15. HP: 124/134 MP: 14/14
 24610 | Orc:1    | Found Sootaun's Antique Armour Emporium.
 24682 | Orc:1    | Found a flagged portal.
 24870 | Orc:2    | Entered Level 2 of the Orcish Mines
 24900 | Orc:2    | Found Iteomaeg's Weapon Shoppe.
 25201 | Orc:2    | Found a roughly hewn altar of Beogh.
 25661 | Orc:2    | Found Jaschi Fairgh's Jewellery Boutique.
 25661 | Orc:2    | Found Acuf's Armour Boutique.
 25662 | Orc:2    | Found Rett's Distillery.
 25662 | Orc:2    | Found Gijuozir's Book Shop.
 25834 | Orc:2    | Found a staircase to the Elven Halls.
 26024 | D:13     | Found a gate to the Vaults.
 26024 | D:13     | Noticed Rupert
 26024 | D:13     | Noticed Urug
 26215 | D:12     | Killed Rupert
 26456 | D:13     | Killed Urug
 26699 | D:13     | Found a broken altar of Ashenzari.
 26887 | D:13     | Received a gift from Trog
 27051 | D:13     | Reached skill level 13 in Fighting
 27112 | D:13     | Noticed Erolcha
 27115 | D:13     | Paralysed by Erolcha for 5 turns
 27122 | D:13     | Killed Erolcha
 27142 | D:13     | Reached skill level 15 in Shields
 27748 | Orc:2    | Bought the ring "Liocvan" {Dex+5 SInv} for 390 gold pieces
 27959 | D:14     | Noticed Louise
 27989 | D:14     | Killed Louise
 28921 | D:14     | Reached XP level 16. HP: 115/144 MP: 15/15
 29048 | D:14     | Got a heavily runed steel ring
 29050 | D:14     | Identified the ring of Suunoutt {rF+ rN+ Int+3 Slay+2
                  | Stlth-} (You found it on level 14 of the Dungeon)
 29070 | D:15     | Entered Level 15 of the Dungeon
 29421 | D:15     | Reached ****** piety under Trog
 29701 | D:15     | Found a staircase to the Depths.
 29834 | D:15     | Received a gift from Trog
 30570 | Shoals:1 | Entered Level 1 of the Shoals
 31458 | Shoals:1 | Reached skill level 14 in Fighting
 32290 | Shoals:2 | You fall into a shaft and drop 1 floor!
 32725 | Shoals:2 | Reached skill level 5 in Dodging
 33829 | Shoals:3 | Found a runed translucent gate.
 33857 | Shoals:3 | Found a runed translucent gate.
 33858 | Shoals:3 | Found a runed translucent gate.
 33898 | Shoals:3 | Noticed Muusm's ghost (adept HaWn)
 34161 | Shoals:3 | Reached XP level 17. HP: 154/154 MP: 16/16
 34301 | Shoals:3 | Reached skill level 15 in Fighting
 34460 | Shoals:3 | Found Tuack's Weapon Shoppe.
 34914 | Shoals:3 | Received a gift from Trog
 34973 | Shoals:3 | Killed Muusm's ghost
 35097 | Spider:1 | Entered Level 1 of the Spider Nest
 35987 | Spider:2 | You fall into a shaft and drop 1 floor!
 36245 | Spider:1 | Reached skill level 16 in Fighting
 36248 | Spider:1 | Reached skill level 15 in Armour
 36411 | Spider:2 | Received a gift from Trog
 37999 | Elf:1    | Entered Level 1 of the Elven Halls
 38007 | Elf:1    | Gained mutation: Your magical capacity is low. (-10% MP) [a
                  | neqoxec]
 38127 | Elf:1    | Found Ruser's Magic Scroll Shoppe.
 38160 | Elf:1    | Found Wemoxo's Antique Weapon Emporium.
 38260 | Elf:1    | Found Vuss's Magic Scroll Emporium.
 38274 | Elf:1    | Bought a scroll of fog for 28 gold pieces
 38528 | Elf:1    | Received a gift from Trog
 38564 | Elf:1    | Got a fine battleaxe {god gift}
 38570 | Elf:1    | Identified the +3 battleaxe of Hulamahi {flame, Str+3 SInv}
                  | (Trog gifted it to you on level 1 of the Elven Halls)
 38591 | Elf:1    | Reached XP level 18. HP: 168/168 MP: 5/15
 38639 | Elf:1    | Noticed an Ice Fiend
 38927 | Elf:1    | Reached skill level 17 in Fighting
 39577 | Elf:2    | Found Aryucript's Weapon Shoppe.
 39655 | Elf:2    | Noticed Roxanne
 39804 | Elf:2    | Received a gift from Trog
 40177 | Elf:2    | Found a runed translucent gate.
 40177 | Elf:2    | Found a runed translucent gate.
 40177 | Elf:2    | Found a runed translucent gate.
 41071 | Elf:2    | Killed Roxanne
 41072 | Elf:2    | Reached skill level 18 in Fighting
 41454 | Shoals:4 | Entered Level 4 of the Shoals
 41694 | Shoals:4 | Received a gift from Trog
 42371 | Shoals:4 | Found the +7 Singing Sword {vorpal, sonic wave}
 42701 | Shoals:4 | Got a barnacled rune of Zot
 43182 | Spider:4 | Entered Level 4 of the Spider Nest
 43280 | Spider:4 | Reached XP level 19. HP: 149/181 MP: 5/16
 43471 | Spider:4 | Got a gossamer rune of Zot
 43528 | Spider:4 | Received a gift from Trog
 43765 | Spider:4 | Reached skill level 10 in Dodging
 44567 | Vaults:1 | Entered Level 1 of the Vaults
 44602 | Vaults:1 | Reached skill level 19 in Fighting
 46073 | Vaults:2 | Received a gift from Trog
 46841 | Vaults:2 | Noticed Sojobo
 46854 | Vaults:2 | Killed Sojobo
 46855 | Vaults:2 | Reached skill level 20 in Fighting
 47447 | Vaults:2 | Received a gift from Trog
 47506 | Vaults:2 | Reached XP level 20. HP: 189/194 MP: 5/17
 48547 | Vaults:3 | Received a gift from Trog
 48800 | Vaults:3 | Reached skill level 21 in Fighting
 49993 | Vaults:3 | Found Suakhag's General Store.
 50006 | Vaults:3 | Bought a potion of haste for 150 gold pieces
 50006 | Vaults:3 | Bought a potion of might for 60 gold pieces
 50006 | Vaults:3 | Bought a wand of enslavement (11) for 195 gold pieces
 50006 | Vaults:3 | Bought a potion of heal wounds for 75 gold pieces
 50006 | Vaults:3 | Bought a potion of flight for 45 gold pieces
 50249 | Vaults:3 | Found a staircase to the Crypt.
 50927 | Vaults:4 | Received a gift from Trog
 51134 | Vaults:4 | Found Pyim's Jewellery Boutique.
 51202 | Vaults:4 | Reached skill level 22 in Fighting
 51345 | Vaults:4 | Reached XP level 21. HP: 207/207 MP: 5/17
 51722 | Vaults:4 | Reached skill level 15 in Evocations
 52394 | Crypt:1  | Entered Level 1 of the Crypt
 52507 | Crypt:1  | Noticed Saint Roka
 52536 | Crypt:1  | Killed Saint Roka
 52569 | Crypt:1  | Received a gift from Trog
 52992 | Crypt:1  | Paralysed by a vampire knight for 5 turns
 53373 | Crypt:1  | Reached skill level 23 in Fighting
 53888 | Crypt:1  | Received a gift from Trog
 54947 | Crypt:3  | Entered Level 3 of the Crypt
 55256 | Crypt:3  | Reached XP level 22. HP: 160/220 MP: 6/18
 56271 | Crypt:3  | Reached skill level 24 in Fighting
 56313 | Crypt:3  | Found a basalt altar of Yredelemnul.
 56317 | Crypt:3  | Found an ancient bone altar of Kikubaaqudgha.
 56323 | Crypt:3  | Noticed a royal mummy
 57083 | Crypt:3  | Received a gift from Trog
 57119 | Crypt:3  | Found a staircase to the Tomb.
 57228 | Crypt:3  | Killed a royal mummy
 57575 | Crypt:3  | Found the cursed +13 scythe of Curses {drain, *Curse}
 58108 | Depths:1 | Entered Level 1 of the Depths
 58516 | Depths:1 | Found a gateway to Hell.
 58893 | Depths:1 | Found a one-way gate to the infinite horrors of the Abyss.
 59149 | Depths:1 | Received a gift from Trog
 59487 | Depths:1 | Reached skill level 25 in Fighting
 59830 | Depths:2 | Found a one-way gate leading to the halls of Pandemonium.
 60228 | Depths:2 | Reached XP level 23. HP: 222/234 MP: 0/19
 60653 | Depths:2 | Received a gift from Trog
 60656 | Depths:2 | Got a pitted hand axe {god gift}
 60657 | Depths:2 | Identified the +8 hand axe of the Evil Eye {vorpal, rElec
                  | Will+ Int+4} (Trog gifted it to you on level 2 of the
                  | Depths)
 61617 | Depths:3 | Found a corrupted altar of Lugonu.
 61994 | Depths:3 | Received a gift from Trog
 62414 | Depths:3 | Reached skill level 15 in Dodging
 63058 | Depths:3 | Reached skill level 26 in Fighting
 63831 | Depths:3 | Received a gift from Trog
 64838 | Depths:4 | You fall into a shaft and drop 1 floor!
 64838 | Depths:5 | Entered Level 5 of the Depths
 64838 | Depths:5 | Found a gateway to a ziggurat.
 64843 | Depths:5 | Noticed a juggernaut
 64852 | Depths:5 | Noticed a caustic shrike
 64853 | Depths:5 | Noticed a caustic shrike
 64857 | Depths:5 | Noticed a caustic shrike
 65183 | Depths:4 | Found a runed translucent door.
 65189 | Depths:4 | Found a runed translucent door.
 65189 | Depths:4 | Noticed a caustic shrike
 65189 | Depths:4 | Noticed a caustic shrike
 65766 | Depths:4 | Found a runed translucent gate.
 65766 | Depths:4 | Found a runed translucent gate.
 65766 | Depths:4 | Found a runed translucent gate.
 65767 | Depths:4 | Noticed Rogirigh's ghost (journeyman MiBe)
 66297 | Depths:4 | Killed Rogirigh's ghost
 66306 | Depths:4 | Reached XP level 24. HP: 235/247 MP: 6/19
 66317 | Depths:4 | Identified Jaxtihikli's Tome of the Dusty Birds
 66501 | Depths:4 | Received a gift from Trog
 66914 | Depths:4 | Reached skill level 27 in Fighting
 67248 | Depths:4 | Killed a juggernaut
 67950 | Depths:5 | Found Nurasim's Jewellery Emporium.
 67952 | Depths:5 | Found Fuwnosk's Gadget Shop.
 67953 | Depths:5 | Found Taz Exo's Jewellery Emporium.
 67979 | Depths:5 | Found a gateway to a bazaar.
 68022 | Bazaar   | Entered a bazaar
 68022 | Bazaar   | Found Sattic's Gadget Shop.
 68030 | Bazaar   | Found Ahinaud's Gadget Emporium.
 68035 | Bazaar   | Found Ireara's General Store.
 68044 | Bazaar   | Found Bogryfot's Book Shop.
 68054 | Bazaar   | Found Yruix's Antique Weapon Boutique.
 68094 | Bazaar   | Bought a wand of paralysis (9) for 198 gold pieces
 68094 | Bazaar   | Bought a wand of paralysis (9) for 198 gold pieces
 68104 | Bazaar   | Bought a wand of digging (7) for 242 gold pieces
 68104 | Bazaar   | Bought a wand of digging (6) for 220 gold pieces
 68724 | Depths:5 | Found a gate to the Realm of Zot.
 70317 | Vaults:5 | Entered Level 5 of the Vaults
 70546 | Vaults:5 | Received a gift from Trog
 70897 | Vaults:5 | Reached XP level 25. HP: 236/257 MP: 6/19
 71776 | Vaults:5 | Got a silver rune of Zot
 71932 | Vaults:5 | Received a gift from Trog
 72550 | Vaults:5 | Found the amulet of the Four Winds {rN+ Will+++ Clar}
 72574 | Vaults:5 | Identified the Handbook of Confrontation
 72767 | Vaults:5 | Got a coiled granite ring
 72769 | Vaults:5 | Identified the ring of Weuleaf {Wiz *Drain rPois Str+3
                  | Int+2} (You found it on level 5 of the Vaults)
 73039 | Vaults:5 | Noticed an ancient lich
 73051 | Vaults:5 | Killed an ancient lich
 73588 | Orc:1    | Bought a glowing plate armour for 884 gold pieces
 73608 | Orc:1    | Bought a glowing plate armour for 884 gold pieces
 73870 | D:9      | Bought a +0 cloak of preservation for 115 gold pieces
 74945 | Vaults:4 | Bought the ring of the Orange Skies {rElec EV+4 Str+4
                  | Dex+4} for 734 gold pieces
 75371 | Slime:1  | Entered Level 1 of the Pits of Slime
 75616 | Slime:1  | Gained mutation: Your muscles are strong. (Str +2) [a
                  | shining eye]
 75618 | Slime:1  | Gained mutation: You are dopey. (Int -2) [a shining eye]
 75620 | Slime:1  | Gained mutation: Scrolls take you a little longer to read.
                  | [a shining eye]
 75622 | Slime:1  | Gained mutation: You are partially covered in large bone
                  | plates. (SH +4) [a shining eye]
 75643 | Slime:1  | Received a gift from Trog
 76139 | Slime:2  | Gained mutation: Your body sometimes deteriorates upon
                  | taking damage. [a shining eye]
 76189 | Slime:2  | Lost mutation: Your muscles are strong. (Str +2) [a shining
                  | eye]
 76191 | Slime:2  | Gained mutation: Your body often deteriorates upon taking
                  | damage. [a shining eye]
 76964 | Slime:3  | Gained mutation: Armour fits poorly on your strangely
                  | shaped body. [a shining eye]
 77239 | Slime:3  | Gained mutation: You are very dopey. (Int -4) [a shining
                  | eye]
 77240 | Slime:3  | Gained mutation: You occasionally shout uncontrollably at
                  | your foes. [a shining eye]
 77244 | Slime:3  | Gained mutation: Scrolls take you longer to read. [a
                  | shining eye]
 77244 | Slime:3  | Gained mutation: Scrolls take you much longer to read. [a
                  | shining eye]
 77245 | Slime:3  | Gained mutation: You are occasionally teleported next to
                  | monsters. [a shining eye]
 77343 | Slime:2  | Gained mutation: Potions are less effective at restoring
                  | your health. [a shining eye]
 77389 | Slime:2  | Received a gift from Trog
 78005 | Slime:5  | Entered Level 5 of the Pits of Slime
 78070 | Slime:4  | Reached XP level 26. HP: 229/266 MP: 19/19
 78140 | Slime:4  | Lost mutation: Armour fits poorly on your strangely shaped
                  | body. [potion of mutation]
 78140 | Slime:4  | Lost mutation: Scrolls take you much longer to read.
                  | [potion of mutation]
 78140 | Slime:4  | Lost mutation: Your magical capacity is low. (-10% MP)
                  | [potion of mutation]
 78140 | Slime:4  | Gained mutation: Your flesh is cold resistant. (rC+)
                  | [potion of mutation]
 78141 | Slime:4  | Lost mutation: You occasionally shout uncontrollably at
                  | your foes. [potion of mutation]
 78141 | Slime:4  | Lost mutation: Your body often deteriorates upon taking
                  | damage. [potion of mutation]
 78141 | Slime:4  | Gained mutation: You are mostly covered in large bone
                  | plates. (SH +6) [potion of mutation]
 78141 | Slime:4  | Gained mutation: You have large cloven feet. [potion of
                  | mutation]
 78142 | Slime:4  | Lost mutation: You are very dopey. (Int -4) [potion of
                  | mutation]
 78142 | Slime:4  | Lost mutation: Scrolls take you longer to read. [potion of
                  | mutation]
 78142 | Slime:4  | Gained mutation: Your flesh is heat resistant. (rF+)
                  | [potion of mutation]
 78143 | Slime:4  | Lost mutation: You are dopey. (Int -2) [potion of mutation]
 78143 | Slime:4  | Lost mutation: Your flesh is heat resistant. (rF+) [potion
                  | of mutation]
 78143 | Slime:4  | Lost mutation: You have large cloven feet. [potion of
                  | mutation]
 78143 | Slime:4  | Lost mutation: Your flesh is cold resistant. (rC+) [potion
                  | of mutation]
 78143 | Slime:4  | Gained mutation: You are agile. (Dex +2) [potion of
                  | mutation]
 78143 | Slime:4  | Gained mutation: You possess an exceptional clarity of
                  | mind. [potion of mutation]
 78178 | Slime:5  | Gained mutation: Armour fits poorly on your strangely
                  | shaped body. [a shining eye]
 78186 | Slime:5  | Gained mutation: You are weak. (Str -2) [a shining eye]
 78189 | Slime:5  | Lost mutation: You possess an exceptional clarity of mind.
                  | [a shining eye]
 78277 | Slime:5  | Noticed the Royal Jelly
 78290 | Slime:5  | Gained mutation: You are very weak. (Str -4) [a shining
                  | eye]
 78782 | Slime:5  | HP: 13/397 [azure jelly[the Royal Jelly] (7)]
 78783 | Slime:5  | HP: 6/397 [acid[the Royal Jelly] (6)]
 78784 | Slime:5  | HP: 1/397 [acid[the Royal Jelly] (2)]
 78785 | Slime:5  | Splashed by an acid blob's acid

Illustrated notes

Levels and vault maps discovered:
D:1:      mainiacjoe_arrival_reflecting_pool, layout_basic, roderic_lattice_a
D:2:      layout_basic, cheibriados_altar_2, nicolae_overflow_crystal_walls,
          minmay_stone_trees_small, minmay_misc_feat_ornament
D:3:      layout_loops_corners, general_overflow_altar, elyvilon_altar_4,
          serial_glass, glass_columns_b, glass_columns_a
D:4:      layout_cave_pods, gammafunk_temple_overflow_statue,
          minmay_temple_entry_stoned_glass, uniq_sigmund, uniq_grinder
D:5:      layout_loops_ring, minmay_hollow_rounded_squares, uniq_menkaure,
          uniq_duvessa, uniq_blork_the_orc
D:6:      layout_basic, portal_sewer_entry_e
D:7:      layout_basic, gammafunk_temple_overflow_elements, serial_shops, shop,
          minivault_10, nemelex_diamond_rough_becter
D:8:      minmay_chambers_of_fours, layout_basic,
          grunt_lair_entry_orc_guard_hut, nicolae_ossuary_entry_plus,
          grunt_ministairs_9, uniq_maggie
D:9:      layout_loops_corners, nicolae_ru_path_of_blood, serial_shops,
          nicolae_shop_stone, nicolae_shop_trees, kennysheep_little_box,
          nicolae_shop_statue_plus, serial_ice, serial_ice_h, serial_ice_b,
          serial_ice_j, serial_ice_c
D:10:     layout_basic, trove_entry_hex_spiral
D:11:     layout_loops_cross, gammafunk_ghost_stat_death,
          portal_ice_cave_entry_ice_beasts, uniq_josephine
D:12:     layout_stronghold, orc_0_dummy
D:13:     layout_long_grid, david_vaults_3, ashenzari_altar_1, uniq_erolcha
D:14:     layout_basic, grunt_decor_arrowhead, minmay_misc_feat_square,
          sword_in_stone
D:15:     gammafunk_depths_entry_grave, layout_loops_corners, hex_medium
Lair:1:   layout_chaotic_city, amcnicky_altar_gilded, uniq_urug
Lair:2:   layout_cave_pods
Lair:3:   layout_chaotic_city, elwin_shoals_entry_stream, dummy_spider_entry,
          uniq_fannar
Lair:4:   layout_hall_layers, special_room [special_room_mythical_zoo],
          nzn_random_ring, lemuel_fruit_fields
Lair:5:   layout_cave_pods
Lair:6:   evilmike_catoblepas_cave, layout_regular_city, slime_altar_1,
          minivault_23
Shoals:1: layout_shoals, hangedman_shoals_cup_caves
Shoals:2: layout_shoals, centaur_isle
Shoals:3: layout_shoals, serial_shops, shop, gammafunk_ghost_necromancy
Shoals:4: shoals_end_simple, layout_shoals, nicolae_shoals_wave_tunnel
Spider:1: layout_spider_delve
Spider:2: nicolae_spider_mines_3, drop_trap
Spider:3: layout_spider_delve
Spider:4: spider_rune_water
Slime:1:  layout_caves
Slime:2:  layout_caves
Slime:3:  layout_caves
Slime:4:  layout_caves
Slime:5
Orc:1:    layout_caves, enter_bailey_3, serial_shops, nicolae_shop_stone
Orc:2:    st_orc_pillars, layout_diamond_mine, serial_shops,
          nicolae_shop_waterfront, basic_altar
Elf:1:    layout_gridlike, serial_shops, nicolae_shop_waterfront,
          hangedman_elven_crosses_minicolossus, minmay_shop_star
Elf:2:    layout_loops_corners, serial_shops, nicolae_shop_behind_doors,
          uniq_roxanne
Vaults:1: vaults_room_door_hall, hangedman_vaults_capsules,
          ontoclasm_vaults_gateway, grunt_vaults_focal, nicolae_vaults_theta,
          nicolae_vaults_little_squares_6, nicolae_vaults_little_squares_3,
          v_misc_15, nicolae_vaults_little_squares_3, nicolae_vaults_murderbox,
          layout_vaults_big_room
Vaults:2: nicolae_vaults_triangles, ontoclasm_vaults_ring_small, v_misc_9,
          nicolae_vaults_yaktaur_gun_rack, nicolae_vaults_three_branches,
          st_lattice, layout_vaults_omnigrid, uniq_sojobo
Vaults:3: hangedman_vaults_stretched_pinwheel,
          minmay_crypt_entry_skeletal_spiral, st_octagons_1, grunt_vaults_swirl,
          v_misc_2, vaults_dpeg_spiral, vaults_room_fancy_cross,
          hangedman_vaults_slice, v_alt_pattern_1, v_misc_22, v_misc_2,
          hangedman_vaults_trim, hangedman_vaults_snaps, vaults_room_semicircle,
          ontoclasm_vaults_misaligned, vaults_dpeg_diagonal, layout_vaults_ring,
          serial_shops, shop_coins
Vaults:4: ontoclasm_vaults_claustrophobia, v_rooms_5,
          nicolae_vaults_hallways_thing, v_misc_26, grunt_vaults_twisty,
          v_misc_13, hangedman_vaults_trim, v_misc_29,
          vaults_standard_mumra_enter_the_diamond, vaults_mumra_lcd,
          vaults_room_door_ring, nicolae_vaults_little_squares_2,
          layout_vaults_omnicross, serial_shops, shop
Vaults:5: serial_shops
Crypt:1:  layout_rooms, special_room [special_room_morgue],
          grunt_crypt_arrival_split, uniq_margery, uniq_saint_roka
Crypt:2:  layout_misc_corridors
Crypt:3:  lightli_unholy_cathedral, layout_chaotic_city,
          tomb_entry_pyramid_bobbens, feat_on_display
Depths:1: layout_gridlike, pf_hell_entry_tar_river,
          abyss_entry_small_statue_room, chequers_serial_rivers_micro_c,
          minmay_misc_feat_rugged, st_stairs_12, kennysheep_nub, dispersion_dpeg
Depths:2: kennysheep_blocky_hall, layout_cross, hell_entry, pan_entry,
          chequers_serial_rivers_room_b, hangedman_abyss_entry_splay,
          hangedman_decor_points, infiniplex_staircase_star
Depths:3: nzn_winding_woodlands_medium [nzn_winding_woodlands_5x5_closed_star,
          nzn_winding_woodlands_5x15_default, nzn_winding_woodlands_5x5_cross,
          nzn_winding_woodlands_5x5_checkerboard,
          nzn_winding_woodlands_center_garden,
          nzn_winding_woodlands_5x5_default, nzn_winding_woodlands_5x5_three,
          nzn_winding_woodlands_5x15_pathside_ponds,
          nzn_winding_woodlands_hourglass], layout_honeycomb,
          grunt_hell_entry_dis_old, grunt_pan_entry_sceptre,
          abyss_entry_flame_altar, minmay_misc_feat_more_columns,
          lemuel_flamethrower_2
Depths:4: thingy_vault_2, layout_cave_shapes, minmay_misc_feat_tiny, hell_entry,
          biasface_ghost_demon_polymorph, minmay_room_of_horrors,
          dk_noncrumbling_4
Depths:5: evilmike_zot_entry_argh, layout_basic, enter_ziggurat_f,
          nicolae_abyss_entry_one_way_or_another, serial_shops, statue_bzr,
          hell_entry, minmay_shop_grove

Skill      XL: |  1  2  3  4  5  6  7  8  9 10 11 12 13 14 15 16 17 18 19 20 21 22 23 24 25 |
---------------+----------------------------------------------------------------------------+-----
Armour         | 3 4 5 6 7 8 9 10 11 12 14 15 17 18 19 20 21 22 24 | 24.2
Dodging        | 3 4 5 8 9 11 12 13 14 15 16 17 | 17.8
Fighting       | 4 5 7 8 9 10 11 12 13 14 16 18 20 22 23 25 26 27 | 27.0
Axes           | 4 5 6 7 9 10 12 13 15 16 17 19 20 21 | 21.9
Shields        | 2 3 4 5 6 8 9 11 12 14 15 | 15.0
Evocations     | 1 2 3 4 5 7 8 9 10 11 12 13 14 15 16 17 18 | 18.4

Action                   |  1- 3 |  4- 6 |  7- 9 | 10-12 | 13-15 | 16-18 | 19-21 | 22-24 | 25-27 || total
-------------------------+-------+-------+-------+-------+-------+-------+-------+-------+-------++-------
Melee: Hand axe          |    98 |     3 |       |       |       |       |       |       |       ||   101
       Headbutt          |    10 |    12 |    64 |   146 |   263 |   390 |   456 |   558 |   209 ||  2108
       War axe           |       |    71 |   296 |   337 |       |   641 |  1380 |  1594 |   276 ||  4595
       Broad axe         |       |       |       |   301 |   984 |   764 |       |       |   273 ||  2322
       Battleaxe         |       |       |       |       |       |       |       |     1 |       ||     1
Throw: Stone             |       |       |     1 |     3 |     8 |    95 |     1 |    13 |       ||   121
Invok: Berserk           |     1 |     2 |     1 |     5 |    12 |     5 |       |     1 |     1 ||    28
       Trog's Hand       |       |     1 |       |     1 |     1 |     3 |     1 |     5 |     2 ||    14
       Brothers in Arms  |       |       |       |     2 |     5 |     9 |     5 |    10 |     3 ||    34
Evoke: Wand              |       |       |       |     2 |     6 |     5 |     1 |     5 |     1 ||    20
  Use: Scroll            |       |       |       |     5 |    13 |    10 |     4 |     3 |    18 ||    53
       Potion            |       |       |       |     1 |     7 |     6 |       |    10 |     7 ||    31
 Stab: Invisible         |       |       |       |       |     3 |       |       |       |       ||     3
       Distracted        |       |       |       |       |     2 |     1 |       |     2 |     1 ||     6
Armor: Animal skin       |     2 |       |       |       |       |       |       |       |       ||     2
       Scale mail        |    17 |       |       |       |       |       |       |       |       ||    17
       Plate armour      |    24 |    28 |   146 |   284 |   538 |   587 |   387 |   559 |    75 ||  2628
       Gold dragon scale |       |       |       |       |       |       |       |       |   104 ||   104
Dodge: Dodged            |    44 |    29 |   113 |   152 |   293 |   366 |   374 |   501 |   234 ||  2106
Block: Buckler           |     2 |    10 |    73 |    57 |       |       |       |       |       ||   142
       Kite shield       |       |       |       |   206 |   709 |   823 |   679 |   863 |   372 ||  3652
